Map: World of Sleepers LE

Players

pHARM - Winner!

  • Race: Zerg Zerg
  • League: Platinum
  • Spawn Location: 1:00

WhiteNinja

  • Race: Protoss Protoss
  • League: Gold
  • Spawn Location: 7:00

VOD

Have the link to the VOD?

Description

Time

  • Played on: Aug. 30, 2019, 9:10 p.m.
  • Length: 16:36
Show
View Real Time Build Order
Export as new Build Order

pHARM Zerg - Winner!

Build Orders: Hatch First 

Get SALT Encoding   

  12  0:01  Drone  
  13  0:13  Overlord  
  13  0:20  Drone  
  14  0:31  Drone x2  
  16  0:53  Hatchery  
  15  0:58  Drone x2  
  15  1:00  Drone  
  18  1:20  Spawning Pool  
  18  1:22  Drone  
  18  1:23  Drone  
  19  1:32  Drone  
  20  1:44  Drone  
  21  1:55  Drone  
  22  2:06  Drone x2  
  22  2:07  Queen x2  
  28  2:24  Overlord x2  
  28  2:32  Hatchery  
  27  2:41  Drone  
  28  2:49  Drone x5  
  33  2:59  Drone  
  33  3:02  Drone  
  35  3:08  Drone  
  35  3:09  Queen x2  
  40  3:15  Drone  
  40  3:16  Drone x2  
  40  3:17  Drone  
  44  3:28  Overlord x2  
  44  3:52  Extractor  
  44  3:54  Extractor  
  42  3:57  Drone x3  
  42  3:58  Drone x11  
  56  4:19  Queen x2  
  56  4:23  Queen  
  62  4:33  Roach Warren  
  61  4:41  Spine Crawler  
  61  4:43  Spine Crawler  
  59  4:48  Spine Crawler  
  59  4:50  Spine Crawler  
  59  4:51  Zergling x18  
  66  4:53  Overlord x2  
  66  5:11  Queen x2  
  69  5:21  Drone x11  
  76  5:40  Lair  
  74  5:47  Extractor  
  73  5:57  Extractor  
  73  6:01  Extractor  
  71  6:05  Overlord x2  
  71  6:21  Overlord x5  
  71  6:24  Drone x3  
  74  6:34  Drone x5  
  74  6:35  Drone x3  
  82  6:42  Drone  
  82  6:46  Glial Reconstitution  
  83  7:08  Roach x6  
  87  7:09  Roach x4  
  103  7:17  Drone  
  103  7:20  Roach x7  
  103  7:21  Overlord  
  118  7:25  Extractor, Hatchery  
  116  7:31  Hydralisk Den  
  116  7:34  Infestation Pit  
  116  7:36  Evolution Chamber, Drone x3  
  116  7:37  Evolution Chamber  
  116  7:38  Drone x2  
  117  7:46  Roach  
  117  7:47  Roach x4  
  127  8:14  Roach  
  127  8:15  Overlord x3, Roach x4  
  127  8:16  Overlord x3  
  137  8:20  Grooved Spines  
  137  8:22  Zerg Ground Armor Level 1, Zerg Missile Weapons Level 1  
  137  8:53  Roach x16  
  161  9:31  Muscular Augments  
  153  9:35  Roach x8  
  153  9:36  Roach x9  
  161  9:47  Roach x6  
  157  9:58  Roach x3  
  127  10:14  Roach  
  127  10:15  Roach x8  
  145  10:35  Roach x4  
  153  10:38  Queen x2  
  153  10:41  Drone, Roach x2  
  153  10:42  Roach x6  
  176  10:45  Zerg Ground Armor Level 2, Zerg Missile Weapons Level 2  
  176  10:53  Hive  
  174  11:02  Hydralisk x5  
  184  11:34  Unknown  
  183  11:40  Overlord x4  
  183  11:44  Hatchery  
  182  12:18  Viper x4  
  194  12:29  Hydralisk x3  
  166  12:57  Hydralisk  
  166  12:58  Hydralisk x22  
  170  13:24  Zerg Missile Weapons Level 3  
  170  13:25  Zerg Ground Armor Level 3  
  170  13:41  Hydralisk  
  170  13:42  Hydralisk x14  
  186  14:11  Roach  
  186  14:12  Roach x6  
  180  15:17  Roach x10  
  200  15:31  Spire  
Show
View Real Time Build Order
Export as new Build Order

WhiteNinja Protoss 

Build Orders:  

Get SALT Encoding   

  12  0:01  Probe  
  13  0:13  Probe  
  14  0:20  Pylon  
  14  0:25  Probe  
  15  0:38  Gateway  
  15  0:43  Probe  
  16  0:56  Probe  
  17  0:58  Assimilator  
  17  1:03  Pylon  
  17  1:08  Probe  
  18  1:14  Assimilator  
  18  1:20  Assimilator  
  18  1:28  Probe  
  18  1:30  Cybernetics Core  
  18  1:31  Assimilator  
  19  1:35  Assimilator  
  19  1:36  Probe  
  19  1:47  Probe  
  21  1:56  Warp Gate  
  21  1:59  Probe  
  22  2:11  Probe  
  23  2:23  Probe  
  24  2:33  Gateway  
  24  2:35  Probe  
  25  2:37  Zealot  
  25  2:38  Nexus  
  27  2:44  Shield Battery  
  27  2:56  Probe  
  28  3:03  Gateway  
  28  3:08  Probe  
  28  3:10  Assimilator  
  29  3:14  Forge  
  29  3:24  Probe  
  30  3:32  Pylon  
  30  3:40  Twilight Council  
  30  3:45  Probe  
  31  3:50  Probe  
  31  3:52  Zealot  
  31  3:53  Zealot  
  36  3:59  Photon Cannon  
  36  4:01  Photon Cannon  
  36  4:02  Charge  
  36  4:06  Probe  
  36  4:07  Probe  
  38  4:13  Zealot  
  40  4:24  Probe x2  
  42  4:31  Pylon  
  42  4:32  Probe x2  
  44  4:40  Probe x2  
  44  4:41  Zealot  
  48  4:51  Probe x2  
  50  4:58  Gateway  
  50  5:03  Probe x2  
  52  5:25  Stalker  
  52  5:26  Probe x2, Stalker x2  
  52  5:34  Probe x2  
  52  5:35  Gateway  
  52  5:42  Pylon, Probe x2  
  54  5:45  Pylon  
  56  5:57  Probe x2  
  56  6:01  Zealot x2  
  56  6:02  Zealot, Stalker  
  66  6:05  Probe  
  66  6:09  Probe, Nexus  
  68  6:13  Probe  
  68  6:15  Pylon  
  69  6:21  Probe  
  69  6:22  Stalker x2  
  69  6:23  Probe, Stalker  
  77  6:35  Pylon  
  77  6:37  Gateway  
  77  6:40  Protoss Ground Weapons Level 1  
  77  6:43  Shield Battery  
  77  6:47  Shield Battery  
  77  6:51  Photon Cannon  
  77  6:53  Stalker  
  77  6:54  Photon Cannon, Stalker x2  
  81  6:55  Stalker x2  
  81  6:56  Probe  
  88  7:10  Gateway  
  88  7:18  Pylon  
  88  7:37  Zealot x3  
  88  7:38  Stalker x2  
  88  7:39  Stalker  
  100  7:44  Probe  
  100  7:50  Blink  
  101  7:52  Probe  
  101  7:55  Stargate  
  101  7:57  Stargate  
  102  8:02  Probe  
  103  8:07  Zealot x4  
  103  8:08  Zealot x2  
  115  8:14  Probe  
  116  8:26  Probe  
  117  8:30  Assimilator  
  117  8:32  Assimilator  
  117  8:35  Pylon  
  117  8:36  Pylon  
  117  8:39  Pylon  
  117  8:42  Pylon  
  117  8:44  Pylon  
  117  8:53  Phoenix  
  117  8:54  Probe x2  
  115  9:06  Probe  
  115  9:09  Stalker  
  114  9:10  Stalker x6  
  126  9:18  Probe  
  126  9:20  Void Ray  
  131  9:38  Stalker x2  
  123  9:40  Zealot x5  
  123  9:50  Probe  
  107  9:58  Probe  
  100  10:06  Probe x2  
  101  10:07  Void Ray  
  101  10:08  Probe  
  106  10:16  Robotics Facility  
  106  10:19  Zealot  
  106  10:20  Zealot x5, Probe  
  106  10:21  Zealot  
  121  10:32  Probe  
  122  10:48  Stalker x3  
  122  10:49  Stalker x4  
  136  11:01  Nexus  
  136  11:04  Assimilator  
  136  11:07  Pylon, Assimilator  
  136  11:09  Pylon  
  136  11:16  Probe x2  
  136  11:17  Pylon  
  138  11:19  Zealot, Protoss Ground Weapons Level 2, Stalker  
  138  11:20  Zealot  
  138  11:21  Pylon, Stalker  
  138  11:22  Stalker  
  138  11:23  Zealot  
  138  11:25  Sentry  
  152  11:31  Pylon  
  152  11:41  Observer  
  152  11:44  Void Ray  
  157  11:49  Zealot x5  
  167  11:56  Pylon  
  167  11:57  Probe x3  
  170  12:14  Stalker x4  
  178  12:16  Sentry  
  178  12:17  Sentry  
  132  13:05  Void Ray x2, Stalker  
  106  13:06  Stalker x6  
  96  13:16  Gateway  
  104  13:24  Gateway  
  104  13:25  Gateway  
  104  13:29  Gateway  
  104  13:33  Zealot  
  106  13:35  Stalker x5  
  106  13:36  Stalker  
  77  14:07  Zealot x5  
  77  14:08  Zealot x2  
  78  14:22  Stalker  
  78  14:23  Stalker x2  
  84  14:26  Zealot  
  84  14:29  Zealot  
  84  14:30  Zealot x3  
  84  14:31  Zealot x3  
  100  14:47  Stalker x4  
  100  14:48  Gateway  
  100  14:52  Stalker x2  
  110  14:53  Stalker x3  
  110  14:54  Zealot  
  110  14:58  Zealot  
  90  15:11  Zealot x4  
  72  15:18  Zealot x3  
  69  15:24  Zealot x2  
  71  15:39  Sentry  
  71  15:40  Sentry  
  75  15:49  Sentry x3  
  81  15:50  Sentry x4  
  81  15:51  Sentry x3  
  83  16:06  Zealot  
  65  16:14  Zealot  
  65  16:15  Zealot x2  
Tags
 
Matchup
PvZ
Replay Pack
10.7.19
Spawn Locations
Cross Positions
Add a new tag
Caveats
  • Supply blocks, unpowered buildings, or Contaminate may cause inaccurate times.
  • Supply counts are checked every 10 seconds.